 Dungeon Crawl Stone Soup version 0.22.1-1-ga44c0e56f4 (webtiles) character file.

9146 Peloso the Carver (level 11, -2/95 HPs)
             Began as a Minotaur Fighter on Oct 3, 2018.
             Was a High Priest of Okawaru.
             Slain by a spatial maelstrom (6 damage)
             ... on level 2 of the Abyss.
             The game lasted 00:21:54 (9738 turns).

Peloso the Carver (Minotaur Fighter)                Turns: 9738, Time: 00:21:55

Health: -2/95      AC: 19    Str: 28    XL:     11   Next: 19%
Magic:  19/19      EV: 11    Int: 13    God:    Okawaru [*****.]
Gold:   237        SH: 15    Dex: 18    Spells: 10/10 levels left

rFire    . . .     SeeInvis .   a - +1 long sword
rCold    + + +     Gourm    .   c - +1 shield
rNeg     + . .     Faith    +   b - +0 chain mail
rPois    .         Spirit   .   (helmet restricted)
rElec    .         Reflect  .   t - +2 cloak
rCorr    .         Harm     .   d - +0 pair of gloves of the Ban {Str+6 Int+4 Dex+2}
MR       +....                  C - +1 pair of boots of Uskayaw {rC+++ MR+ Int+4 Dex+4 Stlth-}
Stlth    ..........             r - amulet of faith
HPRegen  0.25/turn              v - ring of positive energy
MPRegen  0.16/turn              E - ring of magical power

@: no status effects
A: retaliatory headbutt, horns 2
a: Heroism, Finesse, Renounce Religion


You were on level 2 of the Abyss.
You worshipped Okawaru.
Okawaru was extremely pleased with you.
You were not hungry.

You visited 1 branch of the dungeon, and saw 10 of its levels.
You visited the Abyss 1 time.

You collected 493 gold pieces.
You spent 256 gold pieces at shops.

Inventory:

Hand Weapons
 a - a +1 long sword (weapon)
Armour
 b - a +0 chain mail (worn)
 c - a +1 shield (worn)
 d - the +0 pair of gloves of the Ban (worn) {Str+6 Int+4 Dex+2}
   (You bought it in a shop on level 10 of the Dungeon)

   It affects your strength (+6).
   It affects your intelligence (+4).
   It affects your dexterity (+2).
 h - a +0 pair of boots of stealth
 t - a +2 cloak (worn)
 C - the +1 pair of boots of Uskayaw (worn) {rC+++ MR+ Int+4 Dex+4 Stlth-}
   (You found it on level 7 of the Dungeon)

   It affects your intelligence (+4).
   It affects your dexterity (+4).
   It renders you almost immune to cold.
   It affects your resistance to hostile enchantments.
   It makes you less stealthy.
Jewellery
 r - an amulet of faith (around neck)
 v - a ring of positive energy (left hand)
 D - an uncursed ring of ice
 E - a ring of magical power (right hand)
Wands
 u - a wand of disintegration (18)
Scrolls
 e - 6 scrolls of identify
 g - 6 scrolls of amnesia
 i - a scroll of fog {unknown}
 k - 2 scrolls of enchant weapon
 o - a scroll of holy word {unknown}
 q - a scroll of magic mapping
 s - 2 scrolls of remove curse
 x - 2 scrolls of teleportation {unknown}
 y - 2 scrolls of silence
 F - a scroll of blinking {unknown}
Potions
 j - 2 potions of flight
 l - a potion of resistance
 m - a potion of invisibility
 n - a potion of haste
 p - 2 potions of curing
 w - 3 potions of ambrosia
 z - a potion of magic
 A - a potion of brilliance
Comestibles
 f - 11 rations


   Skills:
 + Level 8.8 Fighting
 + Level 12.0 Long Blades
 + Level 10.2 Armour
 + Level 4.2 Dodging
 + Level 0.5 Stealth
 + Level 11.2 Shields
 + Level 0.1 Invocations


You had 10 spell levels left.
You didn't know any spells.
Your spell library contained the following spells:

 Spells                   Type           Power        Failure   Level  Hunger
 Confusing Touch          Hex            #.....       91%         1    ##.....
 Corona                   Hex            #......      91%         1    ##.....
 Magic Dart               Conj           #...         91%         1    ##.....
 Blink                    Tloc           N/A          97%         2    ###....
 Call Imp                 Summ           #.......     97%         2    ###....
 Ensorcelled Hibernation  Hex/Ice        #.....       97%         2    ###....
 Searing Ray              Conj           #.....       97%         2    ###....
 Slow                     Hex            #.......     97%         2    ###....
 Confuse                  Hex            #.......     99%         3    ####...
 Conjure Flame            Conj/Fire      #.......     99%         3    ####...
 Dazzling Spray           Conj/Hex       #.....       99%         3    ####...
 Gell's Gravitas          Tloc           #.........   99%         3    ####...
 Mephitic Cloud           Conj/Pois/Air  #.......     99%         3    ####...
 Tukima's Dance           Hex            #.......     99%         3    ####...
 Force Lance              Conj/Tloc      #.......     100%        4    #####..
 Fulminant Prism          Conj/Hex       #.........   100%        4    #####..
 Iskenderun's Mystic Bla  Conj           #.......     100%        4    #####..
 Petrify                  Tmut/Erth      #.......     100%        4    #####..
 Metabolic Englaciation   Hex/Ice        #.........   100%        5    ######.
 Yara's Violent Unravell  Hex/Tmut       #.........   100%        5    ######.


Dungeon Overview and Level Annotations

Branches:
Dungeon (10/15)            Temple (0/1) D:6
   Lair: D:8-11         Orc: D:9-12

Altars:
Ashenzari
Cheibriados
Dithmenos
Fedhas
Hepliaklqana
Okawaru
Ru
Trog
Uskayaw
Zin

Shops:
D:10 *


Innate Abilities, Weirdness & Mutations

You reflexively headbutt those who attack you in melee.
You have a pair of horns on your head.


Message History

A chorus of shrieks assaults your mind.
* * * LOW HITPOINT WARNING * * *
Found a ration and 16 arrows.
A starcursed mass splits.
A deafening chorus of shrieks assaults your mind!
* * * LOW HITPOINT WARNING * * *
A small abomination comes into view.
You block the small abomination's attack.
A spatial vortex comes into view.
A spatial maelstrom comes into view.
A chorus of shrieks assaults your mind.
* * * LOW HITPOINT WARNING * * *
A spatial vortex comes into view.
A spatial vortex comes into view.
You block the small abomination's attack.
The spatial vortex moves out of view.
Unknown command.
You see here a ration.
The spatial maelstrom hits you.
You die...

....#.....#.
##.#..X.##.#
#.....#X#.#.#
...###.X#.##.#
#.. v.x....#.# #
...#.#...####..#
#....#.......#.
..###.#.#v####
.....v..#.@#
.......##..#
...###. #..# ...
.. #.## #. ยง..
.## #. ##


You could see 3 starcursed masses, a spatial maelstrom, a spatial vortex and a
small abomination.

Vanquished Creatures
  Fannar (D:10)
  A two-headed ogre (D:9)
  6 ugly things (D:10)
  Psyche (D:8)
  A troll (D:7)
  2 hippogriffs
  A hungry ghost (D:9)
  Menkaure (D:7)
  3 orc warriors
  A sky beast (D:7)
  2 black bears
  A phantom (D:5)
  3 ogres
  7 centaurs
  A big kobold (D:9)
  9 bullfrogs
  2 scorpions
  5 killer bees (D:7)
  4 jellies
  2 howler monkeys (D:7)
  7 crimson imps
  2 centaur zombies (D:9)
  8 orc priests
  2 quasits
  3 hounds
  13 orc wizards
  2 bullfrog skeletons
  A centaur skeleton (D:4)
  3 iguanas
  8 worker ants
  A killer bee zombie (D:8)
  A hound zombie (D:5)
  3 worker ant zombies
  Robin (D:2)
  5 adders
  3 gnolls (D:3)
  3 shadow imps
  An ooze (D:5)
  An adder zombie (D:5)
  3 adder skeletons
  3 worms (D:3)
  A dart slug (D:3)
  8 leopard geckos
  32 orcs
  7 bats
  8 giant cockroaches
  9 goblins
  10 hobgoblins
  5 jackals
  5 quokkas
  3 ball pythons
  7 frilled lizards
  8 kobolds
  A leopard gecko skeleton (D:4)
  A leopard gecko zombie (D:3)
  A quokka zombie (D:8)
  10 rats
244 creatures vanquished.

Vanquished Creatures (others)
  An orc wizard (D:10)
1 creature vanquished.

Grand Total: 245 creatures vanquished

Notes
Turn   | Place    | Note
-------+----------+-------------------------------------------
     0 | D:1      | Peloso the Minotaur Fighter began the quest for the Orb.
     0 | D:1      | Reached XP level 1. HP: 19/19 MP: 0/0
   118 | D:1      | Reached XP level 2. HP: 27/27 MP: 1/1
   474 | D:1      | Reached skill level 3 in Long Blades
   639 | D:2      | Reached XP level 3. HP: 33/33 MP: 2/2
   769 | D:2      | Found a shadowy altar of Dithmenos.
  1136 | D:2      | Noticed Robin
  1150 | D:2      | Killed Robin
  1720 | D:2      | Reached XP level 4. HP: 38/40 MP: 3/3
  2041 | D:3      | Noticed a bullfrog
  2054 | D:3      | Killed a bullfrog
  2054 | D:3      | Reached skill level 4 in Long Blades
  2054 | D:3      | Reached skill level 5 in Armour
  2054 | D:3      | Reached skill level 1 in Dodging
  2054 | D:3      | Reached XP level 5. HP: 37/47 MP: 4/4
  2661 | D:4      | Reached skill level 5 in Long Blades
  2661 | D:4      | Reached XP level 6. HP: 41/53 MP: 5/5
  2760 | D:4      | Reached skill level 6 in Long Blades
  3050 | D:4      | Found an iron altar of Okawaru.
  3053 | D:4      | Became a worshipper of Warmaster Okawaru
  3741 | D:5      | Entered Level 5 of the Dungeon
  3756 | D:5      | Reached skill level 5 in Shields
  3756 | D:5      | Reached XP level 7. HP: 60/60 MP: 6/6
  3822 | D:5      | Reached skill level 5 in Fighting
  4028 | D:5      | Reached * piety under Okawaru
  4028 | D:5      | Reached skill level 7 in Long Blades
  4499 | D:5      | Reached XP level 8. HP: 69/69 MP: 7/7
  4827 | D:6      | Reached skill level 8 in Long Blades
  4920 | D:6      | Reached ** piety under Okawaru
  5077 | D:6      | Found a shattered altar of Ashenzari.
  5190 | D:6      | Found a staircase to the Ecumenical Temple.
  5306 | D:7      | Noticed Menkaure
  5503 | D:7      | Killed Menkaure
  5503 | D:7      | Reached skill level 9 in Long Blades
  5510 | D:7      | Noticed a hippogriff
  5526 | D:7      | Killed a hippogriff
  5526 | D:7      | Reached *** piety under Okawaru
  5526 | D:7      | Reached XP level 9. HP: 60/78 MP: 8/8
  6070 | D:7      | Noticed a troll
  6087 | D:7      | Killed a troll
  6087 | D:7      | Reached **** piety under Okawaru
  6087 | D:7      | Reached skill level 10 in Long Blades
  6494 | D:7      | Got a pair of ancient boots
  6500 | D:7      | Identified the +1 pair of boots of Uskayaw {rC+++ MR+ Int+4
                  | Dex+4 Stlth-} (You found it on level 7 of the Dungeon)
  6634 | D:8      | Found a bloodstained altar of Trog.
  6743 | D:8      | Found a snail-covered altar of Cheibriados.
  6770 | D:8      | Found a sacrificial altar of Ru.
  6788 | D:8      | Found a glowing silver altar of Zin.
  6860 | D:8      | Received a gift from Okawaru
  7058 | D:8      | Found a blossoming altar of Fedhas.
  7094 | D:8      | Reached XP level 10. HP: 57/86 MP: 9/9
  7389 | D:9      | Noticed a two-headed ogre
  7396 | D:9      | Killed a two-headed ogre
  7396 | D:9      | Reached ***** piety under Okawaru
  7455 | D:9      | Noticed Psyche
  7503 | D:8      | Killed Psyche
  7503 | D:8      | Received a gift from Okawaru
  7747 | D:9      | Found a hazy altar of Hepliaklqana.
  7779 | D:9      | Reached skill level 10 in Shields
  7827 | D:9      | Found a hide-covered altar of Uskayaw.
  8419 | D:10     | Entered Level 10 of the Dungeon
  8437 | D:10     | Reached skill level 11 in Long Blades
  8483 | D:10     | Noticed Fannar
  8519 | D:10     | Killed Fannar
  8936 | D:10     | Found Igestue's Assorted Antiques.
  8939 | D:10     | Bought a pair of steaming gloves for 256 gold pieces
  8945 | D:10     | Identified the +0 pair of gloves of the Ban {Str+6 Int+4
                  | Dex+2} (You bought it in a shop on level 10 of the Dungeon)
  8996 | D:10     | Noticed a purple ugly thing
  9013 | D:10     | Killed a purple ugly thing
  9024 | D:10     | Noticed a red ugly thing
  9024 | D:10     | Noticed a brown ugly thing
  9024 | D:10     | Noticed a cyan ugly thing
  9024 | D:10     | Noticed a cyan ugly thing
  9051 | D:10     | Noticed a purple ugly thing
  9073 | D:10     | Killed a purple ugly thing
  9073 | D:10     | Reached skill level 10 in Armour
  9082 | D:10     | Killed a cyan ugly thing
  9082 | D:10     | Reached XP level 11. HP: 34/95 MP: 10/10
  9096 | D:10     | Killed a brown ugly thing
  9104 | D:10     | Killed a green ugly thing
  9340 | D:10     | Killed a red ugly thing
  9340 | D:10     | Reached skill level 12 in Long Blades
  9623 | D:10     | Noticed a wizard
  9623 | D:10     | Noticed a purple very ugly thing
  9643 | D:10     | Cast into level 2 of the Abyss (a wizard)
  9652 | Abyss:2  | Found a corrupted altar of Lugonu.
  9689 | Abyss:2  | Found a deep blue altar of Sif Muna.
  9707 | Abyss:2  | Noticed a starcursed mass
  9725 | Abyss:2  | Found a deep blue altar of Sif Muna.
  9735 | Abyss:2  | Noticed a spatial maelstrom
  9735 | Abyss:2  | HP: 3/95 [starcursed mass/accursed screaming (9)]
  9738 | Abyss:2  | Slain by a spatial maelstrom

Skill      XL: |  1  2  3  4  5  6  7  8  9 10 11 |
---------------+----------------------------------+-----
Fighting       | 4 5 6 7 8 |  8.8
Armour         | 4 5 6 7 8 10 | 10.2
Long Blades    | 3 4 5 6 7 9 10 11 12 | 12.0
Shields        | 4 5 7 9 11 | 11.2
Dodging        | 1 2 3 4 |  4.2
Stealth        | |  0.5
Invocations    | |  0.1

Action                   |  1- 3 |  4- 6 |  7- 9 | 10-12 || total
-------------------------+-------+-------+-------+-------++-------
Melee: Long sword        |   125 |   180 |   405 |   195 ||   905
       Headbutt          |    16 |    41 |   106 |    73 ||   236
       Hand axe          |       |       |       |     5 ||     5
Invok: Heroism           |       |       |     1 |     2 ||     3
  Use: Potion            |       |       |     5 |     4 ||     9
       Scroll            |       |       |       |    15 ||    15
  Eat: Chunk             |     2 |     7 |     5 |     3 ||    17
       Ration            |       |       |     2 |     2 ||     4
Armor: Scale mail        |    80 |    29 |       |       ||   109
       Chain mail        |       |    38 |   283 |    66 ||   387
Dodge: Dodged            |    62 |    54 |   131 |    52 ||   299
Block: Shield            |    99 |   113 |   277 |   147 ||   636
       Rpst.: Long sword |    12 |    15 |    37 |     6 ||    70
